 Dungeon Sprint DCSS version 0.29-a0-582-ge82337ba6a (webtiles) character file.

Game seed: 5212233089555736408

180 mhtbhm the Summoner (level 5, -7/24 HPs)
             Began as a Vine Stalker Summoner on June 14, 2022.
             Mangled by a wizard
             ... wielding a +2 dagger of protection
              (10 damage)
             ... in the Dungeon (Sprint III: "The Ten Rune Challenge").
             The game lasted 00:02:45 (628 turns).

mhtbhm the Summoner (Vine Stalker Summoner)          Turns: 628, Time: 00:02:45

Health: -7/24      AC:  2    Str: 10    XL:     5   Next: 60%
Magic:  0/14       EV: 13    Int: 17    God:
Gold:   24         SH:  0    Dex: 15    Spells: 3/16 levels left

rFire   . . .      SeeInvis .   (no weapon)
rCold   . . .      Faith    .   (no shield)
rNeg    . . .      Spirit   +   a - +0 robe
rPois   .          Reflect  .   (no helmet)
rElec   .          Harm     .   (no cloak)
rCorr   .          Rampage  .   (no gloves)
Will    .....      NoTele   +   (no boots)
Stlth   +++.......              (no amulet)
HPRegen 0.88/turn               (no ring)
MPRegen 0.14/turn               (no ring)

@: hasted, very quick
A: fangs 2, regeneration 1, magic shield, antimagic bite, no potion heal 2
a: no special abilities


You were in the Dungeon.
You visited 1 branch You collected 24 gold pieces.

Inventory:

Armour
 a - a +0 robe (worn)
 g - a scarf of harm
Scrolls
 e - a scroll of immolation {unknown}
 f - a scroll of blinking
 h - 4 scrolls of identify
 j - a scroll of poison {unknown}
Potions
 b - 3 potions of magic
 c - 2 potions of curing
 i - 2 potions of flight
 k - 5 potions of mutation


   Skills:
 + Level 0.1 Fighting
 + Level 2.8 Dodging
 + Level 3.9 Stealth
 + Level 6.0 Spellcasting
 + Level 0.4 Hexes
 + Level 9.5 Summonings


You had 3 spell levels left.
You knew the following spells:

 Your Spells              Type           Power      Damage    Failure   Level
a - Summon Small Mammal   Summ           100%       N/A       1%          1
b - Call Imp              Summ           37%        N/A       1%          2
c - Call Canine Familiar  Summ           37%        N/A       1%          3
d - Summon Guardian Gole  Hex/Summ       22%        N/A       4%          3
e - Summon Lightning Spi  Summ/Air       21%        N/A       19%         4

Your spell library contained the following spells:

 Spells                   Type           Power      Damage    Failure   Level


Dungeon Overview and Level Annotations

Branches:
Dungeon (1/1)

Altars:
Kikubaaqudgha
Sif Muna
Vehumet


Innate Abilities, Weirdness & Mutations

You have extremely sharp teeth.
Your natural rate of healing is unusually fast.
When hurt, damage is shared between your health and your magic reserves.
Your bite disrupts and absorbs the magic of your enemies.
Potions cannot restore your health.


Message History

Unknown command.
You miss something. The quasit bites your lightning spire.
The quasit claws your lightning spire but does no damage. x2
Something hits you.
You closely miss something. You bite something.
The quasit bites your lightning spire but does no damage.
The quasit claws your lightning spire but does no damage. x2
Something hits you.
The quasit bites your lightning spire but does no damage.
The quasit claws your lightning spire but does no damage. x2
Unknown command.
Unknown command.
Okay, then.
You feel yourself speed up. The sixfirhy hits your lightning spire.
The sixfirhy shocks your lightning spire.
Your lightning spire completely resists.
The sixfirhy hits your lightning spire.
The sixfirhy shocks your lightning spire.
Your lightning spire completely resists.
Something hits you!
You miss something. Your bite misses something.
The sixfirhy hits your lightning spire but does no damage. x3
You barely miss something. Your bite misses something. Something hits you!
* * * LOW HITPOINT WARNING * * *
Your lightning spire shoots out a bolt of lightning at the sixfirhy!
The bolt of electricity hits the sixfirhy.
The sixfirhy completely resists.
The sixfirhy disappears in a puff of smoke!
You feel a bit more experienced.
Your Spellcasting skill increases to level 6!
You closely miss something. Your bite misses something. Something hits you.
* * * LOW HITPOINT WARNING * * *
Unknown command.
Okay, then.
You miss something. You closely miss something. Your bite misses something.
Something hits you.
* * * LOW HITPOINT WARNING * * *
Unknown command.
You barely miss something. Something hits you!
You die...

.'...♣.♣ ♣.# .#.....♣
♣♣.# ##.....♣ ..#
.#....≈♣♣♣♣♣.###+#+###+##
.#...≈≈♣...♣.#..........#
.#..≈≈≈≈.♣...'.⌠........#
÷#..≈≈≈≈≈≈...#.9.######+#
.#.≈≈≈≈≈≈....#.5{#
.#.≈≈≈≈≈.....#.8@#
.#.≈≈≈.......#'###
##...........#K5
......÷......#___
▓▓▓▓▓▓▓▓▓▓▓▓▓▓▓▓▓▓


You could see a friendly guardian golem (summoned), a friendly lightning spire
(summoned, sheltered) and a friendly shadow imp (summoned, sheltered).

Vanquished Creatures
  Jessica (D)
1 creature vanquished.

Vanquished Creatures (collateral kills)
  A scorpion (D)
  A human (D)
  A kobold demonologist (D)
  An endoplasm (D)
  2 rats (D)
6 creatures vanquished.

Vanquished Creatures (others)
  A water elemental (D)
1 creature vanquished.

Grand Total: 8 creatures vanquished

Notes
Turn   | Place    | Note
-------+----------+-------------------------------------------
     0 | D        | mhtbhm the Vine Stalker Summoner began the quest for the
                  | Orb.
     0 | D        | Reached XP level 1. HP: 9/9 MP: 4/4
    25 | D        | Noticed Jessica
    47 | D        | Killed Jessica
    48 | D        | Reached skill level 6 in Summonings
    48 | D        | Reached XP level 2. HP: 3/13 MP: 0/7
    48 | D        | Reached XP level 3. HP: 3/16 MP: 0/8
   314 | D        | Learned a level 2 spell: Call Imp
   318 | D        | Learned a level 3 spell: Call Canine Familiar
   344 | D        | Reached skill level 7 in Summonings
   347 | D        | Noticed a scorpion
   361 | D        | Killed a scorpion
   362 | D        | Reached skill level 8 in Summonings
   362 | D        | Gained mutation: Your natural rate of healing is unusually
                  | fast. [Vine Stalker growth]
   362 | D        | Reached XP level 4. HP: 21/21 MP: 1/11
   453 | D        | Learned a level 3 spell: Summon Guardian Golem
   466 | D        | Noticed a water elemental
   489 | D        | Killed a water elemental
   490 | D        | Reached skill level 5 in Spellcasting
   490 | D        | Reached skill level 9 in Summonings
   490 | D        | Reached XP level 5. HP: 15/24 MP: 1/14
   590 | D        | Learned a level 4 spell: Summon Lightning Spire
   612 | D        | Found a radiant altar of Vehumet.
   612 | D        | Found a shimmering blue altar of Sif Muna.
   612 | D        | Found an ancient bone altar of Kikubaaqudgha.
   623 | D        | Noticed a sixfirhy
   628 | D        | Mangled by a wizard

Illustrated notes

Levels and vault maps discovered:
D:        dungeon_sprint_mu [sprint_mu_entry_forest, sprint_mu_temple_rooms,
          sprint_mu_d1_spiders, sprint_mu_d2_genie, sprint_mu_d3_branching,
          sprint_mu_orc_legion, sprint_mu_elf_gauntlet, sprint_mu_hive_nellie,
          sprint_mu_lair_fedhas, sprint_mu_vaults_butterflies,
          sprint_mu_slime_circle, sprint_mu_shoals_kraken,
          sprint_mu_snake_twists, sprint_mu_blade_basic, sprint_mu_crypt_lich,
          sprint_mu_tomb_spiral, sprint_mu_vestibule_basic,
          sprint_mu_gehenna_hellfire, sprint_mu_dis_giant,
          sprint_mu_tartarus_statrot, sprint_mu_cocytus_islands, sprint_mu_zot1]

Skill      XL: |  1  2  3  4  5 |
---------------+----------------+-----
Dodging        | 2 |  2.8
Spellcasting   | 3 4 5 6 |  6.0
Summonings     | 6 8 9 |  9.5
Stealth        | 3 |  3.9
Fighting       | |  0.1
Hexes          | |  0.4

Action                   |  1- 3 |  4- 6 || total
-------------------------+-------+-------++-------
Melee: Unarmed           |     1 |    10 ||    11
       Punch             |       |     1 ||     1
       Bite              |       |     1 ||     1
 Cast: Summon Small Mamm |     8 |     2 ||    10
       Call Imp          |     2 |     3 ||     5
       Call Canine Famil |     1 |     2 ||     3
       Summon Guardian G |       |     2 ||     2
       Summon Lightning  |       |     1 ||     1
  Use: Potion            |     1 |     1 ||     2
Armor: Robe              |     1 |       ||     1
Dodge: Dodged            |     2 |     1 ||     3

Table legend: (Time is in decaauts)
 A = Elapsed time spent in this place.
 B = Non-inter-level travel time spent in this place.
 C = Inter-level travel time spent in this place.
 D = Time resting spent in this place.
 E = Time spent auto-exploring this place.
 F = Levels seen in this place.
 G = Mean time per level.
                   A        B        C        D        E       F      G
               +--------+--------+--------+--------+--------+-----+--------+
         Total |    640 |    640 |      0 |    408 |      0 |   1 |  640.0 |
       Dungeon |    640 |    640 |      0 |    408 |      0 |   1 |  640.0 |
               +--------+--------+--------+--------+--------+-----+--------+

Top non-repeatable levels by time:
       D: 640 daAuts
